 Dungeon Crawl Stone Soup version 0.30-a0-748-ge6a52f7cba (webtiles) character file.

Game seed: 691324008803694442

107 karrick the Covered (level 4, -3/43 HPs)
             Began as a Gargoyle Fighter on Feb 9, 2023.
             Slain by Sigmund
             ... wielding a +0 scythe
              (5 damage)
             ... on level 3 of the Dungeon.
             The game lasted 00:02:41 (1666 turns).

karrick the Covered (Gargoyle Fighter)              Turns: 1666, Time: 00:02:41

Health: -3/43      AC: 22    Str: 20    XL:     4   Next: 85%
Magic:  4/4        EV:  2    Int:  8    God:
Gold:   104        SH:  4    Dex: 11    Spells: 3/3 levels left

rFire   + . .      SeeInvis .    a - +0 war axe
rCold   + . .      Faith    .    c - +0 buckler
rNeg    + . .      Spirit   .    (body armour currently unavailable)
rPois   ∞          Reflect  .    (helmet currently unavailable)
rElec   +          Harm     .    (cloak currently unavailable)
rCorr   +          Rampage  .    (gloves currently unavailable)
Will    .....      NoTele   +    (boots currently unavailable)
Stlth   +                        (no amulet)
HPRegen 0.27/turn                (no ring)
MPRegen 0.09/turn                (no ring)

@: tree-form, resistant
A: stationary, stasis, torment immunity, boosted hp, sickness immunity, AC +3,
negative energy resistance 1, (electricity resistance), torment resistance 1,
petrification resistance
a: no special abilities


You were on level 3 of the Dungeon.
You were a tree.
You visited 1 branch of the dungeon, and saw 4 of its levels.

You collected 104 gold pieces.

Inventory:

Hand Weapons
 a - a +0 war axe (weapon)
 k - a +1 flail of protection
Armour
 b - a +0 scale mail (melded)
 c - a +0 buckler (worn)
Scrolls
 e - 3 scrolls of teleportation {unknown}
 f - a scroll of noise {unknown}
 h - a scroll of identify {unknown}
 i - a scroll of fear {unknown}
Potions
 g - a potion of lignification


   Skills:
 + Level 3.6 Fighting
 + Level 2.8 Axes
 + Level 4.5 Armour
 + Level 1.0 Stealth
 + Level 3.6 Shields


You had 3 spell levels left.
You didn't know any spells.
Your spell library contained the following spells:

 Spells                   Type           Power      Damage    Failure   Level
 Wereblood                Tmut           0%         N/A       65%         2
 Summon Hydra             Summ           0%         N/A       100%        7
 Sublimation of Blood     Necr           Unusable   N/A       N/A         2

Dungeon Overview and Level Annotations

Branches:
Dungeon (4/15)
 Temple: D:4-7

Altars:

Shops:
D:2 [

Annotations:
D:3 Sigmund


Innate Abilities, Weirdness & Mutations

You are a tree.
Your roots penetrate the ground, keeping you stationary.
You cannot be teleported.
You are immune to unholy pain and torment.
Your maximum health is greatly increased.
Your equipment is partially melded.
You are immune to sickness and miasma.
((Your stone body is resilient. (AC +3)))
You are immune to poison.
You resist negative energy. (rN+)
((You are resistant to electric shocks. (rElec)))
You are resistant to unholy torment.
You are immune to petrification.


Message History

You barely miss something. Something hits you!
You miss something. Something hits you.
It was a potion of lignification.
You turn into a tree.
Your +0 scale mail melds into your body.
Your roots penetrate the ground.
You cannot move.
You cannot move.
You cannot move.
You cannot move.
You cannot move.
You barely miss something.
You hear some strange, mumbled words.
You are confused.
You hit something. Something hits you but does no damage.
You barely miss something. Something hits you.
* * * LOW HITPOINT WARNING * * *
Something hits you but does no damage.
You attack the rock wall.
Something hits you but does no damage.
It was a potion of magic.
Magic courses through your body. Something hits you but does no damage.
It was a potion of resistance.
You feel protected.
You feel less confused. Something hits you but does no damage.
You barely miss something.
Something hits you but does no damage. x2
You barely miss something. Something hits you but does no damage.
You miss something.
You hear some strange, mumbled words.
A puff of flame appears from out of thin air!
The puff of flame hits you but does no damage.
Something hits you.
* * * LOW HITPOINT WARNING * * *
You aren't carrying any items that you can evoke.
Unknown command.
You miss something. Something hits you but does no damage.
You miss something. Something hits you.
* * * LOW HITPOINT WARNING * * *
You miss something. Something hits you.
* * * LOW HITPOINT WARNING * * *
Something hits you.
You die...

##.#.........
#.#.#####.#.
#.#.#####.#.
#.#.......## ###
#.######### ..# #.# ##
#.# #.### ##. ..# #{#
#.#.## ##..
.....#♣#####.[..####...
....................'...
.......######....####g..
....... ####.#.## ##g.
....... #......# ##.
#.....# #.#..#.# ##
##...# #.#.##.# # ##.#
#.#.##g########
#.#.#.......##.


There were no monsters in sight!

Vanquished Creatures
  3 gnolls (D:3)
  4 adders
  2 worms
  An orc (D:3)
  3 ball pythons
  5 endoplasms
  A giant cockroach (D:3)
  3 goblins
  2 hobgoblins
  3 jackals (D:1)
  A quokka (D:2)
  3 bats
  4 rats
35 creatures vanquished.

Notes
Turn   | Place    | Note
-------+----------+-------------------------------------------
     0 | D:1      | karrick the Gargoyle Fighter began the quest for the Orb.
     0 | D:1      | Reached XP level 1. HP: 14/14 MP: 1/1
   522 | D:1      | Reached XP level 2. HP: 16/19 MP: 2/2
   867 | D:2      | Reached XP level 3. HP: 23/23 MP: 3/3
  1033 | D:2      | Found Ystremip's Antique Armour Emporium.
  1170 | D:3      | Reached skill level 4 in Armour
  1213 | D:3      | Reached XP level 4. HP: 29/29 MP: 4/4
  1336 | D:4      | Noticed a black bear
  1460 | D:3      | Reached skill level 1 in Stealth
  1648 | D:3      | Noticed Sigmund
  1666 | D:3      | HP: 2/43 [something (5)]
  1666 | D:3      | Slain by Sigmund

Illustrated notes

Levels and vault maps discovered:
D:1:      psy_arrival_terrarium, layout_basic
D:2:      layout_rooms, serial_shops, shop, minmay_misc_feat_more_columns
D:3:      layout_loops_corners, hangedman_feature_mirror, chequers_arboretum,
          item_on_display_a, uniq_sigmund
D:4:      layout_basic, kennysheep_mini_moat

Skill      XL: |  1  2  3  4 |
---------------+-------------+-----
Axes           | 2 |  2.8
Armour         | 4 |  4.5
Stealth        | 1 |  1.0
Fighting       | |  3.6
Shields        | |  3.6

Action                     |  1- 3 |  4- 6 || total
---------------------------+-------+-------++-------
  Melee: War axe           |    76 |    51 ||   127
    Use: Potion            |     1 |     3 ||     4
 Armour: Scale mail        |    49 |    30 ||    79
         Skin              |       |    10 ||    10
  Dodge: Dodged            |    39 |    20 ||    59
  Block: Buckler           |    20 |    15 ||    35

Table legend: (Time is in decaauts)
 A = Elapsed time spent in this place.
 B = Non-inter-level travel time spent in this place.
 C = Inter-level travel time spent in this place.
 D = Time resting spent in this place.
 E = Time spent auto-exploring this place.
 F = Levels seen in this place.
 G = Mean time per level.
                   A        B        C        D        E       F      G
               +--------+--------+--------+--------+--------+-----+--------+
         Total |   1720 |   1685 |     35 |      0 |   1325 |   4 |  430.0 |
       Dungeon |   1720 |   1685 |     35 |      0 |   1325 |   4 |  430.0 |
               +--------+--------+--------+--------+--------+-----+--------+

Top non-repeatable levels by time:
     D:1: 685 daAuts
     D:2: 496 daAuts
     D:3: 457 daAuts
     D:4: 82 daAuts
